 Dungeon Crawl Stone Soup version 0.22-a0-872-g6a232dd (webtiles) character file.

11 Dietz the Sneak (level 2, -1/19 HPs)
             Began as a Vampire Enchanter on July 29, 2018.
             Slain by a leopard gecko (5 damage)
             ... on level 1 of the Dungeon.
             The game lasted 00:01:10 (579 turns).

Dietz the Sneak (Vampire Enchanter)                  Turns: 579, Time: 00:01:10

Health: -1/19      AC:  2    Str:  7    XL:     2   Next: 13%
Magic:  1/5        EV: 18    Int: 17    God:
Gold:   14         SH:  0    Dex: 19    Spells: 2/5 levels left

rFire    . . .     SeeInvis +   a - +1 dagger
rCold    . . .     Gourm    .   (no shield)
rNeg     + . .     Faith    .   b - +0 robe
rPois    .         Spirit   .   (no helmet)
rElec    .         Reflect  .   (no cloak)
rCorr    .         Harm     .   (no gloves)
MR       .....                  (no boots)
Stlth    ++++......             (no amulet)
HPRegen  0.06/turn              (no ring)
MPRegen  0.09/turn              (no ring)

@: agile
A: fangs 3, see invisible, unbreathing
a: no special abilities


You were on level 1 of the Dungeon.
You were not thirsty.

You visited 1 branch of the dungeon, and saw 1 of its levels.

You collected 14 gold pieces.

Inventory:

Hand Weapons
 a - a +1 dagger (weapon)
Missiles
 c - 5 stones (quivered)
Armour
 b - a +0 robe (worn)
Scrolls
 f - a scroll of enchant weapon {unknown}
 h - a scroll of random uselessness {unknown}
 i - a scroll of amnesia {unknown}
Potions
 d - a potion of blood
 e - 3 potions of might {unknown}
 g - a potion of agility
 j - a potion of lignification {unknown}


   Skills:
 - Level 1.1 Short Blades
 - Level 2.1 Dodging
 + Level 5.6 Stealth
 - Level 2.0 Spellcasting
 - Level 4.4 Hexes


You had 2 spell levels left.
You knew the following spells:

 Your Spells              Type           Power        Failure   Level  Hunger
a - Corona                Hex            ###....      3%          1    #......
b - Ensorcelled Hibernat  Hex/Ice        #.....       12%         2    ###....

Your spell library contained the following spells:

 Spells                   Type           Power        Failure   Level  Hunger
 Confuse                  Hex            ###.....     10%         3    ###....
 Tukima's Dance           Hex            ###.....     10%         3    ###....
 Dazzling Spray           Conj/Hex       #.....       24%         3    ###....


Dungeon Overview and Level Annotations

Branches:
Dungeon (1/15)

Altars:


Innate Abilities, Weirdness & Mutations

You have razor-sharp teeth.
You have supernaturally acute eyesight. (SInv)
You can survive without breathing.


Message History

Press: ? - help, Shift-Dir - straight line, f/p - kobold
Aim: a kobold, wielding a short sword (chance to defeat MR: 58%)
The kobold looks drowsy...
The leopard gecko misses you.
The helpless kobold fails to defend itself.
You impale the kobold!!
You kill the kobold!
The leopard gecko bites you.
* * * LOW HITPOINT WARNING * * *
The kobold hits you but does no damage. The leopard gecko bites you.
* * * LOW HITPOINT WARNING * * *
The kobold throws a stone.
The stone hits you but does no damage.
You see here a stone.
The leopard gecko closely misses you.
The kobold throws a stone.
The stone misses you.
You see here a stone.
It was a potion of agility.
You feel agile all of a sudden. The leopard gecko misses you.
You closely miss the leopard gecko. The leopard gecko bites you.
You die...

#.####### #.# #.# #.# #.# #######
#.# ......###################.#
##### .......(..................#
#..†.
....).....(..K(l@........>###.###
......###################..##.#
......# #..##.# ......# ##..#.#
..(...# #..#.# ......# ##...#
......# #...# ......# #...#
)(....# #...#


You could see a leopard gecko and a kobold.

Vanquished Creatures
  A dart slug (D:1)
  A giant cockroach (D:1)
  A hobgoblin (D:1)
  2 goblins (D:1)
  2 kobolds (D:1)
  3 rats (D:1)
10 creatures vanquished.

Notes
Turn   | Place    | Note
-------+----------+-------------------------------------------
     0 | D:1      | Dietz the Vampire Enchanter began the quest for the Orb.
     0 | D:1      | Reached XP level 1. HP: 13/13 MP: 3/3
    48 | D:1      | Reached skill level 5 in Stealth
   239 | D:1      | Reached XP level 2. HP: 2/19 MP: 3/5
   243 | D:1      | Learned a level 2 spell: Ensorcelled Hibernation
   579 | D:1      | Slain by a leopard gecko

Vault maps used:
D:1:      minmay_arrival_five_plusses

Skill      XL: |  1 |
---------------+----+-----
Stealth        | 5 |  5.6
Short Blades   | |  1.1
Dodging        | |  2.1
Spellcasting   | |  2.0
Hexes          | |  4.4

Action                   || total
-------------------------++-------
Melee: Dagger            ||    23
       Bite              ||     7
 Cast: Corona            ||     1
       Ensorcelled Hiber ||     3
  Use: Potion            ||     1
 Stab: Sleeping          ||     5
Armor: Robe              ||     3
Dodge: Dodged            ||    18

Table legend:
 A = Spawn XP
 B = Non-spawn XP
 C = Spawn XP percentage of total XP
 D = Spawn monster count
 E = Non-spawn monster count
 F = Spawn count percentage of total count
 G = Total turns spent on level
                    A         B        C        D         E        F      G
               +---------+---------+-------+---------+---------+-------+---------
         Total |       0 |      16 |   0.0 |       0 |      10 |   0.0 |   579
               +---------+---------+-------+---------+---------+-------+---------
           D:1 |       0 |      16 |   0.0 |       0 |      10 |   0.0 |   579
               +---------+---------+-------+---------+---------+-------+---------
